 Dungeon Crawl Stone Soup version 0.24.0-1-gfbc8707 (webtiles) character file.

Game seed: 9541331273673502725, levelgen mode: deterministic

2837 Blackhawk the Blocker (level 9, 0/57 HPs)
             Began as a Gargoyle Fighter on Oct 27, 2019.
             Killed from afar by a deep elf mage (31 damage)
             ... with a bolt of magma
             ... on level 7 of the Dungeon.
             The game lasted 00:12:21 (7141 turns).

Blackhawk the Blocker (Gargoyle Fighter)            Turns: 7141, Time: 00:12:22

Health: 0/57       AC: 22    Str: 24    XL:     9   Next: 74%
Magic:  9/9        EV:  5    Int:  8    God:
Gold:   269        SH: 18    Dex: 14    Spells: 8/8 levels left

rFire    . . .     SeeInvis .   a - +0 war axe
rCold    . . .     Gourm    .   m - +0 large shield
rNeg     + . .     Faith    .   w - +0 chain mail
rPois    ∞         Spirit   .   D - +0 helmet
rElec    +         Reflect  .   (no cloak)
rCorr    .         Harm     .   (no gloves)
MR       .....                  (no boots)
Stlth    ..........             (no amulet)
HPRegen  0.19/turn              e - +4 ring of protection
MPRegen  0.11/turn              p - +5 ring of dexterity

@: no status effects
A: negative energy resistance 1, electricity resistance, unbreathing,
petrification resistance, rot immunity, AC +6
a: no special abilities


You were on level 7 of the Dungeon.
You were not hungry.

You visited 2 branches of the dungeon, and saw 8 of its levels.
You also visited: Ossuary.

You collected 269 gold pieces.

Inventory:

Hand Weapons
 a - a +0 war axe (weapon)
 y - a +1 falchion of flaming
 C - the +5 great mace of Generosity {crush, +Rage rF+ Str+4}
   (You found it in an ossuary)

   It inflicts extra damage upon your enemies.
   It affects your strength (+4).
   It protects you from fire.
   It lets you go berserk.
Armour
 b - a +0 scale mail
 c - a +0 shield
 m - a +0 large shield (worn)
 w - a +0 chain mail (worn)
 A - a +2 ring mail of cold resistance
 D - a +0 helmet (worn)
Jewellery
 e - a +4 ring of protection (left hand)
 p - a +5 ring of dexterity (right hand)
Wands
 t - a wand of acid (9)
 H - a wand of flame (29)
Scrolls
 h - 6 scrolls of identify
 i - 5 scrolls of teleportation {unknown}
 j - 2 scrolls of amnesia {unknown}
 q - 3 scrolls of immolation {unknown}
 r - 2 scrolls of enchant weapon {unknown}
 s - 2 scrolls of fog {unknown}
 u - 2 scrolls of fear {unknown}
 v - 3 scrolls of enchant armour {unknown}
 E - 2 scrolls of remove curse {unknown}
 G - a scroll of random uselessness {unknown}
Potions
 d - 4 potions of might
 g - 3 potions of berserk rage {unknown}
 k - 5 potions of heal wounds {unknown}
 l - 4 potions of curing {unknown}
 n - 2 potions of degeneration {unknown}
 o - 2 potions of haste {unknown}
 x - 3 potions of cancellation {unknown}
 z - a potion of agility {unknown}
 B - 3 potions of brilliance {unknown}
 F - a potion of lignification {unknown}
 J - a potion of ambrosia {unknown}
Comestibles
 f - 12 rations


   Skills:
 + Level 7.3 Fighting
 + Level 5.6 Axes
 + Level 7.4 Armour
 * Level 9.4 Shields


You had 8 spell levels left.
You didn't know any spells.
Your spell library was empty.

Dungeon Overview and Level Annotations

Branches:
Dungeon (7/15)             Temple (1/1) D:4         Ossuary (visited)

Altars:
Ashenzari
Cheibriados
Elyvilon
Fedhas
Gozag
Kikubaaqudgha
Makhleb
Nemelex Xobeh
Qazlal
Ru
Sif Muna
Trog
Uskayaw
Vehumet
Wu Jian
Xom
Yredelemnul
Zin
The Shining One

Shops:
D:5 !

Annotations:
D:2 1 runed translucent door, Crazy Yiuf
D:7 1 exclusion


Innate Abilities, Weirdness & Mutations

You are resistant to torment.
Your stone body is resilient. (AC +6)
You are immune to poison.
You resist negative energy. (rN+)
You are resistant to electric shocks. (rElec)
You can survive without breathing.
You are immune to petrification.
You are immune to rotting.


Message History

There is a blossoming altar of Fedhas here.
There is a stone staircase leading down here.
All of the chunks of flesh in your inventory have rotted away.
There is a stone staircase leading down here.
You open the door.
A deep elf mage comes into view. It is wielding a +0 dagger.
The deep elf mage casts a spell.
Found 15 gold pieces.
Found a bloodstained altar of Trog.
The deep elf mage mumbles some strange words.
The deep elf mage blinks!
There is an open door here.
You slash the deep elf mage!
The deep elf mage is moderately wounded.
You hit the earth elemental but do no damage.
The deep elf mage hits you but does no damage.
The earth elemental hits you!! The deep elf mage casts a spell at you.
The bolt of magma hits you!!
Ouch! That really hurt!
You die...

..#...##......# #.#.#.#
..#.>.##......#
#.#.#.######
..#...#.......#
#.#.#......#
######'<......#
#.#.#####.## #
#.........######.#.# #.#
# #.#.......#...##.#.#
#.# #.#......(#.E.#..#.#
#.# #.#......##.Ee##.#.#
#.#
####.#.########@#####.#
#.# ##....#.#..........#
#.# #.#
....#...........8..# #.#
#.#
##....#.##.##......###.#
#.#
......))).>.#.##.....#.#
#.#
##.....[)...#.##.###)#.#
#.#
##.#.##..#.#.##.......#
#.#
#.#.##....#.######.###
#.#
#...##.####........#####
#.#


You could see 2 earth elementals and a deep elf mage.

Vanquished Creatures
  2 hippogriffs (D:7)
  Menkaure (D:6)
  Duvessa (D:6)
  A water moccasin (D:7)
  2 ice beasts
  3 ogres
  A centaur (D:7)
  4 bullfrogs
  Dowan (D:6)
  2 gnoll sergeants
  A scorpion (D:2)
  2 crimson imps (D:7)
  2 centaur zombies (Ossuary)
  A quasit (D:5)
  A jelly (D:7)
  2 orc priests (D:6)
  2 hounds
  An iguana (D:6)
  A human zombie (Ossuary)
  A bullfrog skeleton (D:5)
  7 worker ants
  Natasha (thrice) (D:2)
  2 orc wizards
  A big kobold zombie (Ossuary)
  A hound skeleton (D:6)
  A hound zombie (D:6)
  2 mummies (Ossuary)
  16 gnolls
  8 adders
  3 adder zombies
  3 worms
  4 dart slugs
  4 leopard geckos
  12 orcs
  4 ball pythons
  6 giant cockroaches
  11 goblins
  7 hobgoblins
  9 jackals
  2 quokkas
  5 bats
  3 frilled lizards
  7 hobgoblin zombies (Ossuary)
  A jackal zombie (Ossuary)
  16 kobolds
  12 kobold zombies (Ossuary)
  9 orc zombies (Ossuary)
  A quokka skeleton (D:6)
  8 rats
  A rat zombie (Ossuary)
201 creatures vanquished.

Vanquished Creatures (others)
  A bush (D:7)
1 creature vanquished.

Grand Total: 202 creatures vanquished

Notes
Turn   | Place    | Note
-------+----------+-------------------------------------------
     0 | D:1      | Blackhawk the Gargoyle Fighter began the quest for the Orb.
     0 | D:1      | Reached XP level 1. HP: 14/14 MP: 1/1
   161 | D:1      | Reached XP level 2. HP: 19/19 MP: 2/2
   645 | D:1      | Reached XP level 3. HP: 23/23 MP: 3/3
  1085 | D:2      | Noticed Natasha
  1113 | D:2      | Killed Natasha
  1113 | D:2      | Reached XP level 4. HP: 11/29 MP: 4/4
  1355 | D:2      | Reached skill level 4 in Shields
  1405 | D:2      | Noticed Natasha
  1419 | D:2      | Killed Natasha
  1419 | D:2      | Reached XP level 5. HP: 27/33 MP: 5/5
  1460 | D:2      | Found an ancient bone altar of Kikubaaqudgha.
  1632 | D:2      | Found a runed translucent door.
  1633 | D:2      | Noticed Crazy Yiuf
  1714 | D:2      | Noticed Natasha
  1719 | D:2      | Killed Natasha
  1920 | D:2      | Reached XP level 6. HP: 30/39 MP: 6/6
  3062 | D:4      | Reached skill level 5 in Shields
  3097 | D:4      | Found a white marble altar of Elyvilon.
  3120 | D:4      | Reached skill level 5 in Armour
  3370 | D:4      | Found a staircase to the Ecumenical Temple.
  3390 | Temple   | Entered the Ecumenical Temple
  3509 | D:4      | Reached XP level 7. HP: 44/44 MP: 7/7
  3818 | D:5      | Entered Level 5 of the Dungeon
  3824 | D:5      | Reached skill level 5 in Fighting
  4047 | D:5      | Found Noetonec's Distillery.
  4147 | D:5      | Reached skill level 6 in Shields
  4505 | D:6      | Reached XP level 8. HP: 16/50 MP: 8/8
  4830 | D:6      | Noticed Duvessa
  4831 | D:6      | Noticed Dowan
  4842 | D:6      | Killed Duvessa
  4853 | D:6      | Killed Dowan
  4853 | D:6      | Reached skill level 7 in Shields
  5226 | D:6      | Found a sacrificial altar of Ru.
  5258 | D:6      | Noticed Menkaure
  5266 | D:6      | Killed Menkaure
  5796 | D:7      | Found a blossoming altar of Fedhas.
  5846 | D:7      | Reached skill level 8 in Shields
  5868 | D:7      | Noticed a moth of wrath
  5871 | D:7      | Found a bloodstained altar of Trog.
  5931 | D:7      | Reached XP level 9. HP: 52/56 MP: 9/9
  5982 | D:7      | Reached skill level 5 in Axes
  6158 | D:7      | Found a sand-covered staircase.
  6196 | Ossuary  | Entered an ossuary
  6427 | Ossuary  | Got a bloodstained great mace
  6428 | Ossuary  | Identified the +5 great mace of Generosity {crush, +Rage
                  | rF+ Str+4} (You found it in an ossuary)
  6530 | D:7      | Found a shattered altar of Ashenzari.
  6536 | D:7      | Reached skill level 9 in Shields
  7139 | D:7      | Found a bloodstained altar of Trog.
  7139 | D:7      | Noticed a deep elf mage
  7141 | D:7      | Killed from afar by a deep elf mage

Levels and vault maps discovered:
D:1:      lightli_molten_gateway, layout_basic, serial_forest,
          infiniplex_forest_lined_room_2, infiniplex_forest_clump_small,
          infiniplex_forest_corner_1, infiniplex_forest_straight_4, fountainhead
D:2:      layout_loops_ring, old_standard_altar, uniq_crazy_yiuf_cottage,
          uniq_natasha
D:3:      layout_basic, first_ration
D:4:      lemuel_upstairs_altar, layout_cave_pools, minmay_temple_entry_wispy,
          serial_rivers, chequers_serial_rivers_micro_b,
          chequers_serial_rivers_small_b, chequers_serial_rivers_marsh,
          chequers_serial_rivers_micro_e, chequers_serial_rivers_micro_a,
          elyvilon_altar_3
D:5:      layout_rooms, serial_shops, kennysheep_little_box
D:6:      layout_loops_ring, hangedman_ru_absence, uniq_duvessa, uniq_menkaure
D:7:      layout_basic, gammafunk_temple_overflow_pools, tgw_trog,
          cheibrodos_ashenzari_chains, fedhas_bush_and_centaur_altar,
          nicolae_ossuary_entry_false_entrances, david_defended_altar_elf
Temple:   nicolae_temple_great_sept

Skill      XL: |  1  2  3  4  5  6  7  8  9 |
---------------+----------------------------+-----
Axes           | 2 3 4 5 |  5.6
Armour         | 4 5 6 7 |  7.4
Shields        | 4 5 6 8 9 |  9.4
Fighting       | 4 5 6 7 |  7.3

Action                   |  1- 3 |  4- 6 |  7- 9 || total
-------------------------+-------+-------+-------++-------
Melee: War axe           |   124 |   195 |   453 ||   772
  Use: Scroll            |       |       |     1 ||     1
  Eat: Chunk             |     1 |     8 |    13 ||    22
Armor: Scale mail        |    55 |   147 |     1 ||   203
       Chain mail        |       |       |   339 ||   339
Dodge: Dodged            |    44 |    68 |    77 ||   189
Block: Shield            |    76 |    54 |       ||   130
       Large shield      |       |    49 |   512 ||   561
